 Dungeon Crawl Stone Soup version 0.23.2-1-ga50397a (webtiles) character file.

Game seed: 9710708184420843097

177 Fang the Skirmisher (level 5, -1/34 HPs)
             Began as a Gargoyle Berserker on May 17, 2019.
             Was a Priest of Trog.
             Slain by an adder (4 damage)
             ... on level 4 of the Dungeon.
             The game lasted 00:01:41 (2184 turns).

Fang the Skirmisher (Gargoyle Berserker)            Turns: 2184, Time: 00:01:42

Health: -1/34      AC:  6    Str: 22    XL:     5   Next: 57%
Magic:  5/5        EV: 12    Int:  7    God:    Trog [***...]
Gold:   98         SH:  0    Dex:  9    Spells: 4/4 levels left

rFire    . . .     SeeInvis .   a - +0 war axe
rCold    . . .     Gourm    .   (no shield)
rNeg     + . .     Faith    .   b - +0 animal skin
rPois    ∞         Spirit   .   (no helmet)
rElec    +         Reflect  .   (no cloak)
rCorr    .         Harm     .   (no gloves)
MR       ++...                  (no boots)
Stlth    +.........             (no amulet)
HPRegen  1.11/turn              (no ring)
MPRegen  0.09/turn              (no ring)

@: berserk cooldown, regenerating, slowed, very slow
A: negative energy resistance 1, electricity resistance, unbreathing,
petrification resistance, rot immunity, AC +4
a: Berserk, Trog's Hand, Renounce Religion


You were on level 4 of the Dungeon.
You worshipped Trog.
Trog was most pleased with you.
You were very hungry.

You visited 1 branch of the dungeon, and saw 4 of its levels.

You collected 98 gold pieces.

Inventory:

Hand Weapons
 a - a +0 war axe (weapon)
Armour
 b - a +0 animal skin (worn)
Scrolls
 e - 3 scrolls of magic mapping {unknown}
 f - 5 scrolls of identify {unknown}
 g - 2 scrolls of enchant armour {unknown}
 h - 2 scrolls of teleportation {unknown}
 j - a scroll of enchant weapon {unknown}
 k - 3 scrolls of fog {unknown}
Potions
 d - a potion of resistance {unknown}
 i - 2 potions of agility {unknown}
 l - a potion of might {unknown}
 n - 3 potions of degeneration {unknown}
 o - a potion of curing {unknown}
Comestibles
 c - 3 rations
 m - 2 chunks of flesh


   Skills:
 + Level 4.3 Fighting
 + Level 3.6 Axes
 + Level 3.5 Armour
 + Level 2.6 Dodging


You had 4 spell levels left.
You didn't know any spells.
Your spell library was empty.

Dungeon Overview and Level Annotations

Branches:
Dungeon (3/15)

Altars:
Cheibriados


Innate Abilities, Weirdness & Mutations

You are resistant to torment.
Your stone body is resilient. (AC +4)
You are immune to poison.
You resist negative energy. (rN+)
You are resistant to electric shocks. (rElec)
You can survive without breathing.
You are immune to petrification.
You are immune to rotting.


Message History

* * * LOW HITPOINT WARNING * * *
The adder barely misses you.
You completely miss the adder.
The adder is severely wounded.
The adder bites you but does no damage. x2; The adder bites you.
* * * LOW HITPOINT WARNING * * *
You closely miss the adder.
The adder is severely wounded.
The adder closely misses you.
An orc comes into view.
The adder closely misses you. The adder misses you.
The orc moves out of view.
You closely miss the adder.
The adder is severely wounded.
The adder closely misses you. The adder barely misses you.
Your skin crawls.
You feel resistant to hostile enchantments.
You feel somewhat more hungry. The adder bites you.
* * * LOW HITPOINT WARNING * * *
The adder bites you.
You die...

....$... .#...
......# .$ .....##
......##.. .....#.
......... .......
.........
.......###........
.......#..........
#.....S@.......
#......).......
#.......#..#....
..................
.##...............
#...##.......##.
..... #....#....
#...#. .....##....
#..... ...... ....


You could see an adder.

Vanquished Creatures
  A hound (D:4)
  An orc wizard (D:4)
  3 gnolls (D:2)
  2 adders (D:2)
  2 worms
  2 dart slugs (D:1)
  An orc (D:4)
  4 bats
  4 giant cockroaches (D:2)
  4 goblins
  5 hobgoblins
  8 jackals
  7 kobolds
  3 quokkas
  A ball python (D:2)
  6 frilled lizards
  4 rats
58 creatures vanquished.

Notes
Turn   | Place    | Note
-------+----------+-------------------------------------------
     0 | D:1      | Fang the Gargoyle Berserker began the quest for the Orb.
     0 | D:1      | Reached XP level 1. HP: 14/14 MP: 1/1
   122 | D:1      | Reached XP level 2. HP: 12/19 MP: 2/2
   587 | D:1      | Reached ** piety under Trog
   631 | D:1      | Reached XP level 3. HP: 21/23 MP: 3/3
   918 | D:2      | Found a snail-covered altar of Cheibriados.
  1232 | D:2      | Reached XP level 4. HP: 18/29 MP: 4/4
  1556 | D:2      | Reached skill level 4 in Fighting
  1858 | D:2      | Reached *** piety under Trog
  2159 | D:3      | You fall through a shaft!
  2164 | D:4      | Reached XP level 5. HP: 32/33 MP: 5/5
  2184 | D:4      | Slain by an adder

Skill      XL: |  1  2  3  4 |
---------------+-------------+-----
Axes           | 3 |  3.6
Dodging        | 2 |  2.6
Armour         | 3 |  3.5
Fighting       | 4 |  4.3

Action                   |  1- 3 |  4- 6 || total
-------------------------+-------+-------++-------
Melee: Hand axe          |    83 |       ||    83
       War axe           |    41 |    73 ||   114
Invok: Berserk           |       |     2 ||     2
       Trog's Hand       |       |     1 ||     1
 Stab: Sleeping          |       |     1 ||     1
  Eat: Chunk             |     1 |     4 ||     5
Armor: Animal skin       |    47 |    35 ||    82
Dodge: Dodged            |    93 |    72 ||   165
